 Dungeon Crawl Stone Soup version 0.31-a0-18-gea43df2a32 (webtiles) character file.

Game seed: 11598440142369554570

2 hwolsky the Chopper (level 1, 20/20 HPs)
             Began as a Hill Orc Monk on May 10, 2023.
             Quit the game on level 1 of the Dungeon.
             The game lasted 00:00:34 (109 turns).

hwolsky the Chopper (Hill Orc Monk)                  Turns: 109, Time: 00:00:34

Health: 20/20      AC:  3    Str: 13    XL:     1   Next: 30%
Magic:  1/1        EV: 12    Int: 10    God:
Gold:   4          SH:  0    Dex: 13    Spells: 0/0 levels left

rFire   . . .        a - +0 hand axe
rCold   . . .        d - orb {light}
rNeg    . . .        b - +0 robe
rPois   .            e - +0 helmet
rElec   .            (no cloak)
rCorr   .            (no gloves)
SInv    .            (no boots)
Will    .....        (no amulet)
Stlth   +            (no ring)
HPRegen 0.23/turn    (no ring)
MPRegen 0.07/turn

%: no passive effects
@: glowing
A: no striking features
a: no special abilities


You were on level 1 of the Dungeon.
You visited 1 branch of the dungeon, and saw 1 of its levels.

You collected 4 gold pieces.

Inventory:

Hand Weapons
 a - a +0 hand axe (weapon)
Armour
 b - a +0 robe (worn)
 d - an orb of light (worn)
 e - a +0 helmet (worn)
Jewellery
 f - a ring of poison resistance
Potions
 c - a potion of ambrosia


   Skills:
 + Level 3.7 Fighting
 + Level 4.1 Axes
 + Level 2.4 Dodging


You couldn't memorise any spells.
You didn't know any spells.
Your spell library was empty.

Dungeon Overview and Level Annotations

Branches:
Dungeon (1/15) Zot: 5887

Altars:


Message History

Found a helmet.
You see here a +0 helmet.
You start putting on your armour.
You continue putting on your +0 helmet. x4
You finish putting on your +0 helmet.
Your library has no spells.
You don't know any spells.
f - a ring of poison resistance You enter the shallow water.
Moving in this stuff is going to be slow.
You enter the shallow water.
Moving in this stuff is going to be slow.
You open the door.
A quokka comes into view.
There is an open door here.
The quokka barely misses you.
You hit the quokka but do no damage. The quokka completely misses you.
You hit the quokka.
The quokka is lightly wounded.
The quokka bites you.
You barely miss the quokka.
The quokka is lightly wounded.
The quokka bites you but does no damage.
The quokka bites you.
You hit the quokka but do no damage.
The quokka is lightly wounded.
The quokka barely misses you.
You hit the quokka.
The quokka is almost dead.
The quokka closely misses you.
You hit the quokka.
You kill the quokka!
You open the door.
A rat comes into view.
There is an open door here.
Found a stone staircase leading down.
The rat barely misses you.
You hit the rat.
You kill the rat!
Found 4 gold pieces.
You now have 4 gold pieces.
Are you sure you want to abandon this character and quit the game? (Confirm with "yes".)

#........>...# ##........# #
#.###...###### #.......##≈≈
#.##........# ##..~~~~≈≈≈≈
#...#...#....####~~≈~≈~~≈≈≈#
####...##.##...###≈≈≈≈~~..#####
.......##.###.## #≈≈≈#....#
##..........# #≈###...##
#......######### ##..#
######.....@.# ##<# #########
###


There were no monsters in sight!

Vanquished Creatures
  A quokka (D:1)
  A rat (D:1)
2 creatures vanquished.

Notes
Turn   | Place    | Note
-------+----------+-------------------------------------------
     0 | D:1      | hwolsky the Hill Orc Monk began the quest for the Orb.
     0 | D:1      | Reached XP level 1. HP: 19/19 MP: 1/1
   109 | D:1      | Quit the game

Illustrated notes

Levels and vault maps discovered:
D:1:      eino_arrival_cavern_b, layout_loops_corners, serial_rivers,
          chequers_serial_rivers_room_a, chequers_serial_rivers_large_a,
          chequers_serial_rivers_micro_b, chequers_serial_rivers_small_3,
          dreamdust_ecumenical_altar_drowned_temple, supply_closet_lemuel,
          minmay_tripent

Action                     || total
---------------------------++-------
  Melee: Hand axe          ||     7
 Armour: Robe              ||     1
  Dodge: Dodged            ||     5

Table legend: (Time is in decaauts)
 A = Elapsed time spent in this place.
 B = Non-inter-level travel time spent in this place.
 C = Inter-level travel time spent in this place.
 D = Time resting spent in this place.
 E = Time spent auto-exploring this place.
 F = Levels seen in this place.
 G = Mean time per level.
                   A        B        C        D        E       F      G
               +--------+--------+--------+--------+--------+-----+--------+
         Total |    112 |    112 |      0 |      0 |     42 |   1 |  112.0 |
       Dungeon |    112 |    112 |      0 |      0 |     42 |   1 |  112.0 |
               +--------+--------+--------+--------+--------+-----+--------+

Top non-repeatable levels by time:
     D:1: 112 daAuts
